 Dungeon Crawl Stone Soup version 0.23.1 (webtiles) character file.

Game seed: 10722893824691523951

278 Acheron the Bolt Thrower (level 6, -4/37 HPs)
             Began as a Kobold Hunter on Mar 17, 2019.
             Slain by a gnoll sergeant
             ... wielding a +0 trident
              (6 damage)
             ... on level 6 of the Dungeon.
             The game lasted 00:23:06 (3129 turns).

Acheron the Bolt Thrower (Kobold Hunter)            Turns: 3129, Time: 00:23:07

Health: -4/37      AC:  6    Str: 10    XL:     6   Next: 51%
Magic:  6/6        EV: 13    Int: 12    God:
Gold:   135        SH:  4    Dex: 17    Spells: 5/5 levels left

rFire    . . .     SeeInvis .   a - +1 hand crossbow
rCold    . . .     Gourm    .   u - +0 buckler
rNeg     . . .     Faith    .   w - +0 ring mail
rPois    .         Spirit   .   (no helmet)
rElec    .         Reflect  .   (no cloak)
rCorr    .         Harm     .   n - +0 pair of gloves
MR       .....                  (no boots)
Stlth    ++........             (no amulet)
HPRegen  0.12/turn              (no ring)
MPRegen  0.10/turn              (no ring)

@: no status effects
A: small, carnivore
a: no special abilities


You were on level 6 of the Dungeon.
You were completely stuffed.

You visited 1 branch of the dungeon, and saw 6 of its levels.

You collected 135 gold pieces.

Inventory:

Hand Weapons
 a - a +1 hand crossbow (weapon)
 b - a +0 short sword
Missiles
 d - a bolt (quivered)
 j - 103 stones
 q - 2 needles of sleeping
 t - 4 needles of confusion
Armour
 c - a +0 leather armour
 n - a +0 pair of gloves (worn)
 u - a +0 buckler (worn)
 w - a +0 ring mail (worn)
Jewellery
 s - a +3 ring of evasion {unknown}
Wands
 m - a wand of acid (11)
Scrolls
 e - 4 scrolls of identify
 h - 2 scrolls of enchant weapon {unknown}
 k - 2 scrolls of enchant armour {unknown}
 l - a scroll of fear {unknown}
 o - a scroll of fog {unknown}
Potions
 g - a potion of mutation {unknown}
 i - a potion of heal wounds {unknown}
 p - a potion of degeneration {unknown}
 r - a potion of curing
Comestibles
 f - 9 rations


   Skills:
 * Level 3.3 Fighting
 * Level 2.7 Short Blades
 + Level 6.3 Crossbows
 * Level 1.2 Armour
 * Level 3.6 Dodging
 * Level 3.0 Stealth
 * Level 0.2 Shields
 * Level 0.9 Evocations


You had 5 spell levels left.
You didn't know any spells.
Your spell library was empty.

Dungeon Overview and Level Annotations

Branches:
Dungeon (6/15)
 Temple: D:4-7

Altars:
Okawaru
Sif Muna
Trog
Vehumet

Shops:
D:5 }

Annotations:
D:2 exclusion: downstairs
D:3 Sigmund


Innate Abilities, Weirdness & Mutations

You are small and have problems with some larger weapons.
You are carnivorous and can eat meat at any time.


Message History

Aim: a gnoll sergeant, wielding a +0 trident and wearing a +0 scale mail (moderately wounded)
You shoot a bolt. The bolt hits the gnoll sergeant!
The gnoll sergeant is severely wounded.
The gnoll sergeant hits you from afar with a +0 trident!
* * * LOW HITPOINT WARNING * * *
Firing (i - inventory. (/) - cycle)
d - 3 bolts (quivered)
Press: ? - help, Shift-Dir - straight line, f/p - gnoll sergeant
Aim: a gnoll sergeant, wielding a +0 trident and wearing a +0 scale mail (severely wounded)
You shoot a bolt.
The bolt hits the gnoll sergeant but does no damage.
The gnoll sergeant is severely wounded.
The gnoll sergeant hits you from afar with a +0 trident!
* * * LOW HITPOINT WARNING * * *
Firing (i - inventory. (/) - cycle)
d - 2 bolts (quivered)
Press: ? - help, Shift-Dir - straight line, f/p - gnoll sergeant
Aim: a gnoll sergeant, wielding a +0 trident and wearing a +0 scale mail (severely wounded)
You shoot a bolt. The bolt hits the gnoll sergeant!
The gnoll sergeant is almost dead.
The gnoll sergeant hits you from afar with a +0 trident.
You die...

####
##@<#
#...#
#g.##
#....s###
.....((
....8(.
....(..
##....(
+#..(#


You could see a gnoll sergeant and a scorpion.

Vanquished Creatures
  An orc wizard (D:3)
  A centaur skeleton (D:2)
  2 worker ants
  2 gnolls (D:6)
  5 adders
  A river rat (D:5)
  2 worms (D:2)
  2 dart slugs
  4 leopard geckos
  4 orcs (D:3)
  9 giant cockroaches
  12 goblins
  8 hobgoblins
  10 kobolds
  A ball python (D:5)
  9 bats
  7 frilled lizards
  12 rats
92 creatures vanquished.

Notes
Turn   | Place    | Note
-------+----------+-------------------------------------------
     0 | D:1      | Acheron the Kobold Hunter began the quest for the Orb.
     0 | D:1      | Reached XP level 1. HP: 12/12 MP: 1/1
    29 | D:1      | Reached skill level 5 in Crossbows
    48 | D:1      | Reached XP level 2. HP: 17/17 MP: 2/2
   325 | D:1      | Reached skill level 1 in Short Blades
   339 | D:1      | Reached XP level 3. HP: 19/21 MP: 3/3
   875 | D:1      | Reached XP level 4. HP: 18/27 MP: 4/4
  1163 | D:2      | Reached XP level 5. HP: 26/32 MP: 5/5
  1200 | D:2      | Reached skill level 6 in Crossbows
  1584 | D:3      | Noticed Sigmund
  1692 | D:3      | Found a deep blue altar of Sif Muna.
  1694 | D:3      | Found an iron altar of Okawaru.
  1758 | D:3      | Found a bloodstained altar of Trog.
  1759 | D:3      | Found a radiant altar of Vehumet.
  1884 | D:3      | Reached XP level 6. HP: 16/37 MP: 6/6
  2141 | D:5      | Entered Level 5 of the Dungeon
  2721 | D:5      | Reached skill level 1 in Armour
  2722 | D:5      | Found Useaqiz's Gadget Shop.
  3081 | D:5      | Noticed an ogre
  3128 | D:6      | HP: 1/37 [gnoll sergeant/+0 trident (7)]
  3129 | D:6      | Slain by a gnoll sergeant

Skill      XL: |  1  2  3  4  5  6 |
---------------+-------------------+-----
Crossbows      | 5 6 |  6.3
Short Blades   | 1 2 |  2.7
Dodging        | 3 |  3.6
Stealth        | 2 3 |  3.0
Fighting       | 3 |  3.3
Armour         | 1 |  1.2
Shields        | |  0.2
Evocations     | |  0.9

Action                   |  1- 3 |  4- 6 || total
-------------------------+-------+-------++-------
Melee: Short sword       |    25 |    58 ||    83
 Fire: Hand crossbow     |    53 |   134 ||   187
Throw: Stone             |       |    10 ||    10
Evoke: Wand              |       |     2 ||     2
  Use: Scroll            |       |     1 ||     1
 Stab: Sleeping          |       |     4 ||     4
  Eat: Chunk             |     8 |     7 ||    15
Armor: Leather armour    |     1 |    26 ||    27
Dodge: Dodged            |    26 |    81 ||   107
Block: Buckler           |       |    13 ||    13
